 Dungeon Crawl Stone Soup version 0.20.1-1-g8b1a95d (webtiles) character file.

63 Gargoyl the Skirmisher (level 3, 0/34 HPs)
             Began as a Minotaur Abyssal Knight on Aug 11, 2017.
             Was a Follower of Lugonu.
             Slain by Gargoyl's ghost (5 damage)
             ... on level 3 of the Dungeon.
             The game lasted 00:03:20 (1782 turns).

Gargoyl the Skirmisher (Minotaur Abyssal Knight)    Turns: 1782, Time: 00:03:20

Health: 0/34       AC: 10    Str: 16    XL:     3   Next: 87%
Magic:  3/3        EV:  7    Int:  9    God:    Lugonu [*.....]
Gold:   95         SH:  0    Dex: 10    Spells: 2/2 levels left

rFire    . . .     SeeInvis .   m - +1 hand axe (freeze)
rCold    . . .     Gourm    .   (no shield)
rNeg     . . .     Faith    .   e - +1 chain mail
rPois    .         Spirit   .   (helmet restricted)
rElec    .         Reflect  .   (no cloak)
rCorr    .         Harm     .   (no gloves)
MR       .....                  (no boots)
Stlth    ..........             (no amulet)
Regen    0.2/turn               (no ring)
MPRegen  0.1/turn               (no ring)

@: no status effects
A: retaliatory headbutt, horns 2
a: Depart the Abyss, Renounce Religion


You were on level 3 of the Dungeon.
You worshipped Lugonu.
Lugonu was aware of your devotion.
You were hungry.

You visited 1 branch of the dungeon, and saw 3 of its levels.
You visited the Abyss 1 time.

You collected 95 gold pieces.

Inventory:

Hand Weapons
 a - a +1 hand axe
 m - a +1 hand axe of freezing (weapon)
Armour
 e - a +1 chain mail (worn)
Scrolls
 i - a scroll of remove curse
 n - a scroll of identify
Potions
 b - a potion of cancellation
 f - a potion of flight {unknown}
 h - a potion of heal wounds {unknown}
 l - a potion of curing {unknown}
Comestibles
 c - 2 bread rations
 g - 2 royal jellies
 j - a fruit
 k - a meat ration


   Skills:
 + Level 4.4 Fighting
 + Level 3.4 Axes
 * Level 3.1 Armour
 + Level 1.1 Dodging
 * Level 2.3 Invocations


You had 2 spell levels left.
You didn't know any spells.

Dungeon Overview and Level Annotations

Branches:
Dungeon (3/15)

Altars:

Annotations:
D:3 Gargoyl's ghost, weakling MiAK


Innate Abilities, Weirdness & Mutations

You reflexively headbutt those who attack you in melee.
You have a pair of horns on your head.


Message History

Your chain mail prevents you from hitting Gargoyl's ghost.
Gargoyl's ghost is almost destroyed.
Gargoyl's ghost barely misses you.
You barely miss Gargoyl's ghost.
Gargoyl's ghost is almost destroyed.
Gargoyl's ghost says, "Are you willing to die fighting?
I was!"
Gargoyl's ghost hits you. Gargoyl's ghost hits you!
* * * LOW HITPOINT WARNING * * *
You hit Gargoyl's ghost but do no damage.
You headbutt Gargoyl's ghost, but do no damage.
Gargoyl's ghost is almost destroyed.
Gargoyl's ghost closely misses you.
You hit Gargoyl's ghost.
Gargoyl's ghost is almost destroyed.
Gargoyl's ghost closely misses you.
You hit Gargoyl's ghost but do no damage.
Your headbutt misses Gargoyl's ghost.
Gargoyl's ghost is almost destroyed.
Gargoyl's ghost hits you.
You die...

# # # #
########################
......W@................
###.########.###########
..... .......
#.#.###########
..........>..... .##
#...........# .
#.####..#...# #.#
#..#...# #..#.#.#


You could see Gargoyl's ghost.

Vanquished Creatures
  2 adders (D:2)
  A worm (D:2)
  A leopard gecko (D:2)
  A ball python (D:1)
  5 bats
  2 giant cockroaches (D:1)
  2 goblins
  4 hobgoblins
  7 jackals
  2 quokkas (D:2)
  3 frilled lizards
  2 kobolds (D:1)
  5 rats
37 creatures vanquished.

Notes
Turn   | Place    | Note
-------+----------+-------------------------------------------
     0 | Abyss:1  | Gargoyl the Minotaur Abyssal Knight began the quest for the Orb.
     0 | Abyss:1  | Reached XP level 1. HP: 19/19 MP: 1/1
    99 | Abyss:2  | Noticed a thrashing horror
   100 | Abyss:2  | Noticed a thrashing horror
   102 | D:1      | Escaped the Abyss
   319 | D:1      | Reached skill level 4 in Fighting
   394 | D:1      | Reached XP level 2. HP: 27/27 MP: 2/2
   547 | D:1      | Reached * piety under Lugonu
   943 | D:2      | Reached XP level 3. HP: 29/33 MP: 3/3
  1747 | D:3      | Noticed Gargoyl's ghost (weakling MiAK)
  1782 | D:3      | Slain by Gargoyl's ghost

Skill      XL: |  1  2  3 |
---------------+----------+-----
Fighting       | 4 |  4.4
Invocations    | 2 |  2.3
Axes           | 3 |  3.4
Armour         | 3 |  3.1
Dodging        | |  1.1

Action                   || total
-------------------------++-------
Melee: Hand axe          ||   114
       Headbutt          ||    23
Invok: Depart the Abyss  ||     1
  Use: Scroll            ||    10
  Eat: Chunk             ||     2
Armor: Chain mail        ||    80
Dodge: Dodged            ||    64
